 Dungeon Crawl Stone Soup version 0.23.2-1-ga50397a6bc (webtiles) character file.

Game seed: 9495381716932002866

365 Foic the Grave Robber (level 6, 0/28 HPs)
             Began as a Vine Stalker Necromancer on May 21, 2019.
             Slain by a killer bee (2 damage)
             ... on level 4 of the Dungeon.
             The game lasted 00:26:14 (5364 turns).

Foic the Grave Robber (Vine Stalker Necromancer)    Turns: 5364, Time: 00:26:15

Health: 0/28       AC:  7    Str: 11    XL:     6   Next: 68%
Magic:  0/14       EV: 12    Int: 17    God:
Gold:   185        SH:  0    Dex: 14    Spells: 6/14 levels left

rFire    . . .     SeeInvis +   y - staff of energy
rCold    . . .     Gourm    .   (no shield)
rNeg     . . .     Faith    .   b - +1 leather armour
rPois    .         Spirit   +   i - +0 helmet
rElec    .         Reflect  .   (no cloak)
rCorr    +         Harm     .   B - +0 pair of gloves
MR       .....                  C - +0 pair of boots
Stlth    ++........             (no amulet)
HPRegen  0.49/turn              f - ring of resist corrosion
MPRegen  0.14/turn              s - ring of see invisible

@: lethally poisoned (0 -> 0)
A: fangs 2, regeneration 1, magic shield, antimagic bite, no potion heal 3, rot
immunity
a: no special abilities


You were on level 4 of the Dungeon.
You were not hungry.

You visited 1 branch of the dungeon, and saw 4 of its levels.

You collected 185 gold pieces.

Inventory:

Hand Weapons
 v - a +0 dagger
 x - a +0 short sword
Missiles
 g - 10 needles of sleeping
 j - 166 stones (quivered)
Armour
 a - a +0 robe
 b - a +1 leather armour (worn)
 i - a +0 helmet (worn)
 B - a +0 pair of gloves (worn)
 C - a +0 pair of boots (worn)
Magical Staves
 y - an uncursed staff of energy (weapon)
Jewellery
 f - a ring of resist corrosion (left hand)
 s - a ring of see invisible (right hand)
Scrolls
 k - a scroll of teleportation
 l - a scroll of remove curse
 p - 6 scrolls of identify
 q - a scroll of random uselessness {unknown}
 t - a scroll of enchant armour
 w - a scroll of magic mapping {unknown}
 z - a scroll of fog {unknown}
 A - a scroll of enchant weapon {unknown}
Potions
 d - 2 potions of curing {unknown}
 e - 2 potions of degeneration {unknown}
 h - 3 potions of haste {unknown}
 m - a potion of berserk rage {unknown}
 o - a potion of cancellation {unknown}
 r - 2 potions of heal wounds {unknown}
 u - 2 potions of flight {unknown}
Comestibles
 c - 5 rations


   Skills:
 + Level 0.1 Fighting
 + Level 0.9 Armour
 * Level 2.9 Dodging
 + Level 2.8 Stealth
 * Level 4.7 Spellcasting
 + Level 5.3 Necromancy


You had 6 spell levels left.
You knew the following spells:

 Your Spells              Type           Power        Failure   Level  Hunger
a - Pain                  Necr           ###.         2%          1    None
b - Animate Skeleton      Necr           N/A          2%          1    None
c - Vampiric Draining     Necr           ###.......   6%          3    None
d - Regeneration          Chrm/Necr      ##........   19%         3    None

Your spell library contained the following spells:

 Spells                   Type           Power        Failure   Level  Hunger
 Animate Dead             Necr           N/A          22%         4    None


Dungeon Overview and Level Annotations

Branches:
Dungeon (4/15)
 Temple: D:4-7

Altars:
Gozag


Innate Abilities, Weirdness & Mutations

You have extremely sharp teeth.
Your natural rate of healing is unusually fast.
When hurt, damage is shared between your health and your magic reserves.
Your bite disrupts and absorbs the magic of your enemies.
Potions cannot restore your health.
You are immune to rotting.


Message History

* * * LOW HITPOINT WARNING * * *
The killer bee misses you. The killer bee barely misses you.
The killer bee stings you.
* * * LOW HITPOINT WARNING * * *
You feel sick.
The killer bee stings you but does no damage.
The killer bee misses you. The killer bee misses you.
You feel sick.
Your skin stops crawling.
The killer bee closely misses you. The killer bee barely misses you.
The killer bee stings you!
* * * LOW HITPOINT WARNING * * *
The killer bee stings you but does no damage.
The killer bee barely misses you.
The killer bee stings you but does no damage.
The killer bee misses you.
You feel sick. The killer bee stings you.
You die...

.........#
#..)...........
.......<.#
#..............
.........#
#..............
.........##
#..............
.........#
#..............
.........##
##..........##
..........##
###.......##
.......##..#
###...### ......#
#@.## ##..# ######
#yy.####..#
###y.##...###
####...s.......##
................#
.....###........##
##### #.........##
# #..........#
#.## #...........#


You could see 3 killer bees and a giant cockroach.

Vanquished Creatures
  A bullfrog (D:4)
  A hound (D:4)
  An orc priest (D:3)
  Jessica (D:2)
  An iguana (D:3)
  A hound skeleton (D:2)
  2 gnolls (D:3)
  5 adders
  3 worms
  A dart slug (D:3)
  2 leopard geckos
  8 orcs (D:3)
  2 giant cockroaches
  7 goblins
  5 hobgoblins
  2 jackals (D:1)
  4 quokkas
  A ball python (D:3)
  14 bats
  6 frilled lizards
  7 kobolds
  13 rats
88 creatures vanquished.

Vanquished Creatures (collateral kills)
  2 gnolls
  A dart slug (D:1)
  3 orcs (D:3)
  A frilled lizard (D:1)
7 creatures vanquished.

Grand Total: 95 creatures vanquished

Notes
Turn   | Place    | Note
-------+----------+-------------------------------------------
     0 | D:1      | Foic the Vine Stalker Necromancer began the quest for the
                  | Orb.
     0 | D:1      | Reached XP level 1. HP: 9/9 MP: 4/4
     6 | D:1      | Learned a level 1 spell: Animate Skeleton
    17 | D:1      | Noticed an electric eel
   321 | D:1      | Reached XP level 2. HP: 12/13 MP: 3/6
   618 | D:1      | You fall through a shaft!
   676 | D:2      | Noticed Jessica
   678 | D:2      | Killed Jessica
   678 | D:2      | Reached XP level 3. HP: 15/16 MP: 5/8
   736 | D:2      | Learned a level 3 spell: Vampiric Draining
  1580 | D:1      | Learned a level 3 spell: Regeneration
  1596 | D:1      | Gained mutation: Your natural rate of healing is unusually
                  | fast. [Vine Stalker growth]
  1596 | D:1      | Reached XP level 4. HP: 20/21 MP: 7/9
  3035 | D:3      | Reached XP level 5. HP: 23/24 MP: 8/11
  3276 | D:3      | Found an opulent altar of Gozag.
  3751 | D:2      | Reached skill level 5 in Necromancy
  4061 | D:3      | Reached XP level 6. HP: 22/28 MP: 5/13
  5364 | D:4      | Slain by a killer bee

Skill      XL: |  1  2  3  4  5 |
---------------+----------------+-----
Spellcasting   | 3 4 |  4.7
Dodging        | 2 |  2.9
Necromancy     | 5 |  5.3
Fighting       | |  0.1
Armour         | |  0.9
Stealth        | |  2.8

Action                   |  1- 3 |  4- 6 || total
-------------------------+-------+-------++-------
Melee: Unarmed           |       |    11 ||    11
       Bite              |       |     3 ||     3
       Staff             |       |     3 ||     3
 Cast: Pain              |    49 |   156 ||   205
       Animate Skeleton  |    10 |    27 ||    37
       Vampiric Draining |       |     5 ||     5
       Regeneration      |       |     2 ||     2
Evoke: Staff of energy   |       |     3 ||     3
  Use: Scroll            |       |     8 ||     8
  Eat: Chunk             |     2 |    12 ||    14
Armor: Leather armour    |     3 |    27 ||    30
Dodge: Dodged            |     8 |    64 ||    72
